 Dungeon Crawl Stone Soup version 0.30-a0-364-gf6b3ef1049 (webtiles) character file.

Game seed: 17063985939967386418

3910 ytrimaz the Cleaver (level 10, -5/70 HPs)
             Began as a Formicid Fighter on Nov 15, 2022.
             Was a Priest of Okawaru.
             Slain by a troll (8 damage)
             ... on level 8 of the Dungeon.
             The game lasted 00:09:02 (7496 turns).

ytrimaz the Cleaver (Formicid Fighter)              Turns: 7496, Time: 00:09:02

Health: -5/70      AC:  7    Str: 25    XL:     10   Next: 43%
Magic:  10/10      EV: 10    Int: 11    God:    Okawaru [***...]
Gold:   508        SH:  5    Dex: 15    Spells: 9/9 levels left

rFire   + . .      SeeInvis +    o - +12 battleaxe "Ficebramm" {flame, Int+3 Dex+2 Stlth+}
rCold   + . .      Faith    .    c - +0 buckler
rNeg    . . .      Spirit   .    l - +2 ring mail {rC+}
rPois   +          Reflect  .    (helmet unavailable)
rElec   .          Harm     .    (no cloak)
rCorr   .          Rampage  .    (no gloves)
Will    +....                    (no boots)
Stlth   ++........               (no amulet)
HPRegen 0.31/turn                f - ring of protection from fire
MPRegen 0.12/turn                i - ring of poison resistance

@: no status effects
A: permanent stasis, dig shafts and tunnels, antennae 3, four strong arms
a: Dig, Shaft Self, Renounce Religion, Heroism


You were on level 8 of the Dungeon.
You worshipped Okawaru.
Okawaru was most pleased with you.
You visited 2 branches of the dungeon, and saw 10 of its levels.

You collected 508 gold pieces.


Innate Abilities, Weirdness & Mutations

You cannot be hasted, slowed, berserked, paralysed or teleported.
You can dig through walls and to a lower floor.
You have a pair of large antennae on your head. (SInv)
Your four strong arms can wield two-handed weapons with a shield.


   Skills:
 - Level 3.2 Fighting
 + Level 14.3 Axes
 - Level 3.2 Armour
 - Level 4.0 Shields


You had 9 spell levels left.
You didn't know any spells.
Your spell library contained the following spells:

 Spells                   Type           Power      Damage    Failure   Level
 Static Discharge         Conj/Air       0%         2-2/arc   69%         2
 Ignite Poison            Fire/Tmut/Pois 0%         N/A       89%         3
 Kindle Blastsparks       Fire/Tloc/Air  0%         2d10      89%         3
 Vhi's Electric Charge    Tloc/Air       0%         N/A       89%         3
 Arcjolt                  Conj/Air       0%         1d10      100%        5
 Freezing Cloud           Conj/Ice/Air   0%         6-21      100%        5
 Lightning Bolt           Conj/Air       0%         1d11      100%        5

Inventory:

Hand Weapons
 o - the +12 battleaxe "Ficebramm" (weapon) {flame, Int+3 Dex+2 Stlth+}
   (You acquired it on level 6 of the Dungeon)

   It burns those it strikes, dealing additional fire damage.
   Big, fiery blades are also staple armaments of hydra-hunters.
   Int:       It affects your intelligence (+3).
   Dex:       It affects your dexterity (+2).
   Stlth:     It makes you more stealthy.
 r - a +5 battleaxe
   (You took it off a wight on level 7 of the Dungeon)
Missiles
 m - 5 boomerangs
 t - a throwing net
Armour
 c - a +0 buckler (worn)
 l - a +2 ring mail of cold resistance (worn)
   (You found it on level 1 of the Dungeon)
Jewellery
 d - the ring "Qetso Esan" {Fire Will+ Dex+5}
   (You found it on level 4 of the Dungeon)

   [ring of fire]

   It enhances your fire magic.
   Dex:       It affects your dexterity (+5).
   rF:        It protects you from fire.
   rC:        It makes you vulnerable to cold.
   Will:      It increases your willpower.
 f - a ring of protection from fire (left hand)
   (You found it on level 1 of the Dungeon)
 i - a ring of poison resistance (right hand)
   (You found it on level 6 of the Dungeon)
 u - a ring of protection from cold
   (You found it on level 7 of the Dungeon)
Scrolls
 e - a scroll of enchant armour
 g - 2 scrolls of noise
 k - a scroll of poison
Potions
 b - 2 potions of brilliance
 h - 3 potions of curing
 j - 3 potions of attraction
 p - a potion of lignification {unknown}
 q - 2 potions of flight {unknown}

Dungeon Overview and Level Annotations

Branches:
Dungeon (9/15) Zot: 26525  Temple (1/1) D:4 Zot: 5704    Lair (0/5) D:8
    Orc: D:9-12

Altars:
Ashenzari
Cheibriados
Dithmenos
Elyvilon
Fedhas
Gozag
Hepliaklqana
Makhleb
Nemelex Xobeh
Okawaru
Qazlal
Ru
Sif Muna
Trog
Uskayaw
Vehumet
Wu Jian
Xom
Yredelemnul
The Shining One

Shops:
D:3 :[!=:   D:5 (   D:6 ? D:7

*
~.~~..~~.##
..........#
..........#
#.#####...#
#. ##.###
#. ###).#
##.##.).##
##.....###
#...@.##
##..T##
##.## ...
###. #' ..
..


You could see a troll.


Message History

You slice the kobold brigand!! You burn the kobold brigand.
You kill the kobold brigand!
Okawaru accepts your kill.
Unknown command.
A kobold comes into view. It is wielding a +0 dagger.
Things that are here:
a +0 short sword; 2 poisoned darts 😨 HP[+1]
You are too injured to fight recklessly!
You slice the kobold!! You burn the kobold.
You kill the kobold!
You are too injured to fight recklessly!
You are too injured to fight recklessly!
A kobold comes into view.
It is wielding a +0 long sword and quivering poisoned darts.
Items here: ( )) †. 😨 HP[+1]
An orc warrior comes into view. It is wielding a +0 dire flail.
A kobold comes into view. It is wielding a +0 club.
The kobold shouts!
You hear a bark!
The kobold throws a poisoned dart.
The poisoned dart barely misses you.
Items here: ( )) †. 😨 HP[+1]
You slash the hound! You burn the hound.
The hound bites you but does no damage.
You slash the hound! You burn the hound.
You kill the hound!
Okawaru accepts your kill.
You are too injured to fight recklessly!
The kobold attacks as you move away!
The kobold hits you but does no damage. 😨 HP[+1] Unknown command.
You are too injured to fight recklessly!
You are too injured to fight recklessly!
You slice the kobold like a ripe choko!!!
You burn the kobold.
You kill the kobold!
Okawaru accepts your kill.
Things that are here:
a +0 long sword; 4 poisoned darts You are too injured to fight recklessly!
Things that are here:
a +0 long sword; 4 poisoned darts; 😨 HP[+1]
The orc warrior attacks as you move away!
You block the orc warrior's attack. The hound bites you.
* * * LOW HITPOINT WARNING * * *
😨 HP[-1]
You take 1 damage, and now have 33/70 hp.
You slash the orc warrior! You burn the orc warrior.
You closely miss the hound. The hound closely misses you.
The orc warrior closely misses you. The hound closely misses you.
Unknown command.
You closely miss the orc warrior. You slash the hound! You burn the hound.
You kill the hound!
Okawaru accepts your kill.
The orc warrior closely misses you. 😨 HP[+1]
You hit the orc warrior. You burn the orc warrior.
The orc warrior hits you with a +0 dire flail.
* * * LOW HITPOINT WARNING * * *
😨 HP[-5]
You take 5 damage, and now have 29/70 hp.
Unknown command.
You closely miss the orc warrior.
The orc warrior hits you with a +0 dire flail.
* * * LOW HITPOINT WARNING * * *
😨 HP[-4]
You take 4 damage, and now have 25/70 hp.
You barely miss the orc warrior.
You block the orc warrior's attack. 😨 HP[+1] Unknown command.
You closely miss the orc warrior. You block the orc warrior's attack.
You hit the orc warrior. You burn the orc warrior.
The orc warrior hits you with a +0 dire flail!
* * * LOW HITPOINT WARNING * * *
😱 HP[-14]
You take 14 damage, and now have 12/70 hp.
You hit the orc warrior. You burn the orc warrior.
You kill the orc warrior!
Okawaru accepts your kill. 😱 HP[+1] Unknown command.
Items here: ( )) [ †.
You start resting.
You sense a monster nearby. 😨 HP[+14]
You regained 14 hp, and now have 27/70 hp.
You start resting.
A troll comes into view. 😨 HP[+1] Unknown command.
A troll is nearby!
A troll is nearby!
A troll is nearby!
The troll shouts!
The troll bites you!
* * * LOW HITPOINT WARNING * * *
The troll claws you!
* * * LOW HITPOINT WARNING * * *
The troll claws you!
You die...

Skill      XL: |  1  2  3  4  5  6  7  8  9 10 |
---------------+-------------------------------+-----
Axes           | 3 4 5 7 8 10 13 14 | 14.3
Fighting       | |  3.2
Armour         | |  3.2
Shields        | |  4.0

Action                   |  1- 3 |  4- 6 |  7- 9 | 10-12 || total
-------------------------+-------+-------+-------+-------++-------
Melee: War axe           |    69 |    57 |   242 |       ||   368
       Battleaxe         |       |       |    54 |    51 ||   105
 Abil: Dig               |       |     1 |       |       ||     1
Evoke: Wand              |       |       |     4 |     5 ||     9
  Use: Scroll            |     7 |     4 |     5 |     4 ||    20
       Potion            |       |     4 |     5 |       ||     9
 Stab: Sleeping          |       |       |       |     1 ||     1
Armor: Scale mail        |     9 |       |       |       ||     9
       Ring mail         |    23 |    18 |   105 |     7 ||   153
Dodge: Dodged            |    44 |    31 |   136 |    18 ||   229
Block: Buckler           |    24 |    12 |    68 |    11 ||   115

Levels and vault maps discovered:
D:1:      kb_arrival_jail, layout_basic
D:2:      layout_basic
D:3:      layout_loops_cross, amcnicky_altar_gilded, serial_glass,
          glass_columns_a, glass_columns_c, glass_columns_a, glass_columns_a,
          due_unseen_surprise, serial_shops, shop,
          nicolae_shop_temple_entry_statues_fountains,
          nicolae_shop_window_shopping, shop, shop,
          hellmonk_ecumenical_altar_watching_god, uniq_natasha
D:4:      layout_gridville, makhleb_altar_promises_db,
          minmay_temple_entry_enclosed_plants, uniq_edmund, uniq_grinder
D:5:      layout_loops_cross, nicolae_overflow_two_pavilions, serial_shops,
          nicolae_shop_advertising_works [nicolae_subvault_shop_adworks],
          uniq_duvessa
D:6:      layout_gridville, mainiacjoe_overflow_tiny_flanked, serial_shops,
          nicolae_stop_n_shop_2, uniq_menkaure
D:7:      layout_loops_cross, nicolae_uskayaw_suspiria, kennysheep_windowed_goal
D:8:      minmay_polygon_palace, layout_loops_corners, zin_academy,
          erik_lair_island, amethyst_killhole
D:9:      kennysheep_housing_project, layout_rooms, serial_shops,
          nicolae_shop_competitors_out_of_business
Temple:   minmay_temple_curvy_branch

Notes
Turn   | Place    | Note
-------+----------+-------------------------------------------
     0 | D:1      | ytrimaz the Formicid Fighter began the quest for the Orb.
     0 | D:1      | Reached XP level 1. HP: 18/18 MP: 1/1
     0 | D:1      | magus.rc [v1.9.6]
     2 | D:1      | Noticed a troll
     5 | D:1      | Noticed a ghoul
     5 | D:1      | Noticed an armataur
     7 | D:1      | Noticed a minotaur
     9 | D:1      | Noticed a draconian
     9 | D:1      | Noticed a vine stalker
    11 | D:1      | Noticed a formicid
    13 | D:1      | Noticed a merfolk
    13 | D:1      | Noticed a felid
    15 | D:1      | Noticed a demigod
    15 | D:1      | Noticed an ogre
    17 | D:1      | Noticed a meteoran
    17 | D:1      | Noticed a human
    19 | D:1      | Noticed a vampire
    19 | D:1      | Noticed a spriggan
    21 | D:1      | Noticed a tengu
    21 | D:1      | Noticed an elf
    23 | D:1      | Noticed a gargoyle
    23 | D:1      | Noticed a naga
    25 | D:1      | Noticed a ghoul
    25 | D:1      | Noticed a demonspawn
    27 | D:1      | Noticed a ghoul
    27 | D:1      | Noticed a formicid
   190 | D:1      | Reached XP level 2. HP: 24/24 MP: 2/2
   965 | D:2      | Reached skill level 3 in Axes
  1078 | D:2      | Reached XP level 3. HP: 29/29 MP: 3/3
  1081 | D:2      | You add the spells Kindle Blastsparks, Ignite Poison and
                  | Freezing Cloud to your library.
  1204 | D:2      | You pick up a book of Lightning and begin reading...
  1204 | D:2      | You add the spells Static Discharge, Vhi's Electric Charge,
                  | Lightning Bolt and Arcjolt to your library.
  1679 | D:3      | Found Loodugg's Armour Emporium.
  1695 | D:3      | Noticed an eye of devastation
  1698 | D:3      | Found a faded altar of an unknown god.
  1701 | D:3      | Noticed a floating eye
  1707 | D:3      | Noticed a shining eye
  1734 | D:3      | Noticed a floating eye
  1747 | D:3      | Noticed Natasha
  1755 | D:3      | HP: 6/29 [Natasha/magic dart (5)]
  1756 | D:3      | Killed Natasha
  1757 | D:3      | Reached skill level 4 in Axes
  1757 | D:3      | Reached XP level 4. HP: 8/35 MP: 4/4
  1889 | D:3      | Noticed Natasha
  1900 | D:3      | Killed Natasha
  1925 | D:3      | Noticed Natasha
  1932 | D:3      | Killed Natasha
  1933 | D:3      | Reached XP level 5. HP: 30/41 MP: 5/5
  1990 | D:3      | Found Seur's Distillery.
  2013 | D:3      | Reached skill level 5 in Axes
  2114 | D:3      | Found Wappafuc's Jewellery Shop.
  2145 | D:3      | Found Letioh's Book Shop.
  2359 | D:3      | Found a white marble altar of Elyvilon.
  2428 | D:3      | Found Peczuh's Book Boutique.
  2637 | D:4      | Reached XP level 6. HP: 47/47 MP: 6/6
  2687 | D:4      | Noticed Edmund
  2696 | D:4      | Noticed an ogre
  2697 | D:4      | Killed Edmund
  2698 | D:4      | Reached skill level 6 in Axes
  2705 | D:4      | Killed an ogre
  2706 | D:4      | Reached skill level 7 in Axes
  2706 | D:4      | Reached XP level 7. HP: 21/52 MP: 7/7
  2888 | D:4      | Identified the ring "Qetso Esan" {Fire Will+ Dex+5}
  2904 | D:4      | Found a burning altar of Makhleb.
  2904 | D:4      | Noticed a balrug
  2937 | D:4      | Found a staircase to the Ecumenical Temple.
  3187 | D:4      | Noticed Grinder
  3219 | D:4      | HP: 10/52 [Grinder (7)]
  3222 | D:4      | Killed Grinder
  3223 | D:4      | Reached skill level 8 in Axes
  3333 | Temple   | Entered the Ecumenical Temple
  3603 | Temple   | Became a worshipper of Warmaster Okawaru
  3650 | D:5      | Entered Level 5 of the Dungeon
  3650 | D:5      | Found Zisowuli's Weapon Boutique.
  3752 | D:5      | Reached XP level 8. HP: 58/58 MP: 8/8
  3957 | D:5      | Found a shadowy altar of Dithmenos.
  3957 | D:5      | Found a radiant altar of Vehumet.
  4083 | D:5      | Noticed Duvessa
  4084 | D:5      | Noticed Dowan
  4091 | D:5      | Killed Duvessa
  4091 | D:5      | HP: 13/58 [poisoned by Dowan]
  4092 | D:5      | Reached skill level 9 in Axes
  4110 | D:5      | Killed Dowan
  4113 | D:5      | HP: 14/58 [poisoned by Dowan]
  4421 | D:5      | Reached * piety under Okawaru
  4896 | D:6      | Found Vaidiohu's Magic Scroll Boutique.
  4916 | D:6      | Reached skill level 10 in Axes
  5117 | D:6      | Reached XP level 9. HP: 58/64 MP: 9/9
  5286 | D:6      | Reached ** piety under Okawaru
  5366 | D:6      | Reached skill level 11 in Axes
  5367 | D:6      | Found a shimmering altar of Xom.
  5459 | D:6      | Identified a scroll of acquirement
  5459 | D:6      | Acquired the +12 battleaxe "Ficebramm" {flame, Int+3 Dex+2
                  | Stlth+}
  5656 | D:6      | Noticed Menkaure
  5663 | D:6      | Killed Menkaure
  5753 | D:6      | Reached skill level 12 in Axes
  6073 | D:7      | Found a hide-covered altar of Uskayaw.
  6277 | D:7      | HP: 15/64 [poisoned by a killer bee]
  6282 | D:7      | HP: 8/64 [poisoned by a killer bee]
  6522 | D:7      | Noticed a kobold demonologist
  6529 | D:7      | Killed a kobold demonologist
  6529 | D:7      | Reached *** piety under Okawaru
  6530 | D:7      | Reached skill level 13 in Axes
  6530 | D:7      | Reached XP level 10. HP: 63/70 MP: 10/10
  6976 | D:7      | Found Utefesot's General Store.
  6979 | D:7      | You fall into a shaft and drop 2 floors!
  7024 | D:8      | HP: 14/70 [orc warrior/+0 dire flail (12)]
  7028 | D:8      | Reached skill level 14 in Axes
  7237 | D:8      | Found a staircase to the Lair.
  7443 | D:8      | HP: 12/70 [orc warrior/+0 dire flail (14)]
  7496 | D:8      | HP: 15/70 [troll (14)]
  7496 | D:8      | HP: 3/70 [troll (12)]
  7496 | D:8      | Slain by a troll

Vanquished Creatures
  A kobold demonologist (D:7)
  Grinder (D:4)
  A wyvern (D:7)
  Menkaure (D:6)
  A steam dragon (D:9)
  Edmund (D:4)
  Duvessa (D:5)
  A water moccasin (D:7)
  2 orc warriors (D:8)
  A black bear (D:6)
  2 ice beasts (D:6)
  A phantom (D:5)
  3 kobold brigands
  A bullfrog (D:6)
  2 scorpions (D:6)
  9 wights
  Dowan (D:5)
  4 killer bees (D:7)
  A howler monkey (D:7)
  2 electric eels (D:8)
  A jelly (D:6)
  6 hounds
  An orc priest (D:3)
  A gnoll bouda (D:7)
  7 orc wizards
  Natasha (thrice) (D:3)
  7 iguanas
  6 gnolls (D:7)
  5 adders
  4 white imps
  2 ufetubi
  3 dart slugs
  32 orcs
  4 bats
  3 endoplasms
  6 giant cockroaches
  3 goblins
  7 hobgoblins
  4 jackals (D:3)
  2 quokkas
  3 ball pythons
  15 kobolds
  4 rats
166 creatures vanquished.

Vanquished Creatures (collateral kills)
  An ogre (D:4)
  A kobold (D:4)
2 creatures vanquished.

Vanquished Creatures (others)
  An orc (D:9)
  A plant (D:4)
2 creatures vanquished.

Grand Total: 170 creatures vanquished

Table legend:
 A = Non-vault XP
 B = Vault XP
 C = Vault XP percentage of total XP
 D = Non-vault monster count
 E = Vault monster count
 F = Vault count percentage of total count
                 A         B        C        D         E       F
            +---------+---------+-------+---------+---------+-------
      Total |    4427 |    1159 |  20.7 |     157 |      11 |   6.5
            +---------+---------+-------+---------+---------+-------
        D:1 |      16 |       0 |   0.0 |      10 |       0 |   0.0
        D:2 |      20 |       0 |   0.0 |      10 |       0 |   0.0
        D:3 |     188 |      36 |  16.1 |      21 |       1 |   4.5
        D:4 |     167 |     438 |  72.4 |      16 |       2 |  11.1
        D:5 |     505 |     216 |  30.0 |      31 |       2 |   6.1
        D:6 |    1244 |     172 |  12.1 |      24 |       1 |   4.0
        D:7 |    1716 |       0 |   0.0 |      33 |       0 |   0.0
        D:8 |     343 |     297 |  46.4 |       6 |       5 |  45.5
        D:9 |     228 |       0 |   0.0 |       6 |       0 |   0.0
            +---------+---------+-------+---------+---------+-------

Illustrated notes

Table legend:
 A = Kills in this place as a percentage of kills in entire the game.
 B = Kills by you in this place as a percentage of kills by you in the entire game.
 C = Kills by friends in this place as a percentage of kills by friends in the entire game.
 D = Other kills in this place as a percentage of other kills in the entire game.
 E = Experience gained in this place as a percentage of experience gained in the entire game.
 F = Experience gained in this place divided by the number of levels of this place that you have seen.
                   A       B       C       D       E      F
               +-------+-------+-------+-------+-------+----------------------
         Total | 100.0 | 100.0 | 100.0 |   N/A | 100.0 | 558.6
       Dungeon | 100.0 | 100.0 | 100.0 |   N/A | 100.0 | 620.7
               +-------+-------+-------+-------+-------+----------------------

Table legend: (Time is in decaauts)
 A = Elapsed time spent in this place.
 B = Non-inter-level travel time spent in this place.
 C = Inter-level travel time spent in this place.
 D = Time resting spent in this place.
 E = Time spent auto-exploring this place.
 F = Levels seen in this place.
 G = Mean time per level.
                   A        B        C        D        E       F      G
               +--------+--------+--------+--------+--------+-----+--------+
         Total |   7561 |   7208 |    353 |    163 |   5699 |  10 |  756.1 |
       Dungeon |   7265 |   6960 |    305 |    163 |   5454 |   9 |  807.2 |
        Temple |    295 |    247 |     48 |      0 |    245 |   1 |  295.0 |
               +--------+--------+--------+--------+--------+-----+--------+

Top non-repeatable levels by time:
     D:5: 1255 daAuts
     D:6: 1065 daAuts
     D:7: 1024 daAuts
     D:1: 964 daAuts
     D:3: 886 daAuts
     D:4: 817 daAuts
     D:2: 733 daAuts
     D:8: 473 daAuts
  Temple: 295 daAuts
     D:9: 44 daAuts
